 Dungeon Crawl Stone Soup version 0.29.1-13-g9f3cf754e1 (webtiles) character file.

Game seed: 6725954886844363671

816 DemonSlayer the Digger (level 7, -2/48 HPs)
             Began as a Demonspawn Earth Elementalist on Jan 21, 2023.
             Was an Initiate of Cheibriados.
             Slain by Pikel
             ... wielding a +2 whip of freezing
              (3 damage)
             ... on level 4 of the Dungeon.
             The game lasted 00:08:25 (6724 turns).

DemonSlayer the Digger (DsEE)                       Turns: 6724, Time: 00:08:26

Health: -2/48      AC:  5    Str: 11    XL:     7   Next: 62%
Magic:  8/14       EV: 12    Int: 17    God:    Cheibriados [......]
Gold:   304        SH:  0    Dex: 15    Spells: 5/16 levels left

rFire   . . .      SeeInvis .   s - +2 dagger (protect)
rCold   . . .      Faith    .   (no shield)
rNeg    . . .      Spirit   .   a - +0 robe
rPois   .          Reflect  .   (no helmet)
rElec   .          Harm     .   l - +0 cloak
rCorr   .          Rampage  .   (no gloves)
Will    .....                   (no boots)
Stlth   ++........              (no amulet)
HPRegen 0.16/turn               (no ring)
MPRegen 0.14/turn               (no ring)

@: about to teleport, very slow
A: hooves 2, yellow scales 1
a: Renounce Religion


You were on level 4 of the Dungeon.
You worshipped Cheibriados.
Cheibriados was noncommittal.
You visited 1 branch of the dungeon, and saw 5 of its levels.

You collected 304 gold pieces.

Inventory:

Hand Weapons
 s - a +2 dagger of protection (weapon)
Armour
 a - a +0 robe (worn)
 l - a +0 cloak (worn)
Jewellery
 w - a +6 ring of dexterity
Scrolls
 c - a scroll of poison {unknown}
 d - a scroll of silence {unknown}
 e - a scroll of blinking {unknown}
 f - a scroll of teleportation
 g - a scroll of enchant armour {unknown}
 j - 2 scrolls of fog {unknown}
 m - a scroll of magic mapping
 q - 2 scrolls of vulnerability {unknown}
 r - a scroll of enchant weapon {unknown}
 t - a scroll of identify
 u - a scroll of immolation {unknown}
Potions
 b - a potion of flight {unknown}
 h - 4 potions of curing
 i - a potion of might
 k - a potion of ambrosia {unknown}
 n - 2 potions of lignification {unknown}
 o - a potion of mutation {unknown}
 p - a potion of attraction {unknown}
 v - a potion of berserk rage {unknown}
 x - a potion of magic


   Skills:
 + Level 1.0 Fighting
 + Level 1.3 Short Blades
 + Level 2.6 Dodging
 + Level 2.9 Stealth
 + Level 5.1 Spellcasting
 + Level 0.8 Transmutations
 + Level 5.6 Earth Magic


You had 5 spell levels left.
You knew the following spells:

 Your Spells              Type           Power      Damage    Failure   Level
a - Sandblast             Erth           46%        2d11      1%          1
b - Stone Arrow           Conj/Erth      28%        3d8       13%         3
c - Mephitic Cloud        Conj/Pois/Air  4%         N/A       38%         3
d - Petrify               Tmut/Erth      15%        N/A       36%         4

Your spell library contained the following spells:

 Spells                   Type           Power      Damage    Failure   Level
 Passwall                 Tmut/Erth      12%        N/A       5%          2
 Beastly Appendage        Tmut           14%        N/A       10%         1
 Magic Dart               Conj           16%        1d3       14%         1
 Wereblood                Tmut           7%         N/A       16%         2
 Call Imp                 Summ           4%         N/A       22%         2
 Spider Form              Tmut/Pois      5%         N/A       34%         3


Dungeon Overview and Level Annotations

Branches:
Dungeon (5/15)             Temple (0/1) D:5

Altars:
Cheibriados
Gozag
Hepliaklqana
Makhleb
Nemelex Xobeh
Ru
Yredelemnul

Annotations:
D:3 1 runed translucent door, Crazy Yiuf
D:4 Pikel


Innate Abilities, Weirdness & Mutations

You have hoof-like feet.
You are partially covered in yellow scales. (AC +2)


Message History

Where to? (Enter - D:4 @ (x,y), ? - help)
What level of the Dungeon? (default 1, ? - help)
There is a stone staircase leading up, spattered with blood here.
You climb upwards.
Level annotation: Pikel The lemure hits you but does no damage.
Pikel hits you with a +2 whip of freezing.
Pikel freezes you. The lemure barely misses you.
Pikel says, "Asmodeus and me are pals.
He gave me this whip."
Pikel hits you with a +2 whip of freezing.
Pikel freezes you.
There is a stone staircase leading down here.
Casting: Sandblast (safe; 1% risk of failure)
Confirm with . or Enter, or press ? or * to list all spells.
Aiming: Stone Arrow (dangerous; 13% risk of failure)
Press: ? - help, Shift-Dir - straight line, f - Pikel
Aim: Pikel, wielding a +2 whip of freezing and wearing a +0 robe (60% to hit)
The stone arrow hits Pikel!
Pikel is moderately wounded.
The lemure hits you.
A lemure comes into view.
Pikel hits you with a +2 whip of freezing!
Pikel freezes you.
Casting: Stone Arrow (dangerous; 13% risk of failure)
Confirm with . or Enter, or press ? or * to list all spells.
Aiming: Stone Arrow (dangerous; 13% risk of failure)
Press: ? - help, Shift-Dir - straight line, f/p - Pikel
Aim: Pikel, wielding a +2 whip of freezing and wearing a +0 robe (moderately wounded, 60% to hit)
The stone arrow misses Pikel.
The lemure shouts!
The lemure hits you but does no damage.
Pikel hits you with a +2 whip of freezing!
* * * LOW HITPOINT WARNING * * *
Pikel freezes you!
* * * LOW HITPOINT WARNING * * *
Unknown command.
As you read the scroll of teleportation, it crumbles to dust.
You feel strangely unstable. The lemure misses you.
Pikel hits you with a +2 whip of freezing.
You die...

#.#.#
###.......##)#
#.#.#
##.#######.#
#.#.# #.# #.#
#.#.# #.# ##.#
#.#####.#.# #.#
#... #K5...#.#.#
#.# #...
#####.#...# #.#
#...
#.#.###########.#
####
#.5.w..5@K......#
###.############
#.# #.# #.. #.#
#.. ###


You could see Pikel, 2 lemures and a worm.

Vanquished Creatures
  A black bear (D:5)
  A centaur (D:5)
  A lemure (D:5)
  A phantom (D:4)
  Blork the orc (D:5)
  3 scorpions (D:4)
  A hound (D:5)
  2 jellies (D:5)
  An iguana (D:5)
  An orc wizard (D:3)
  6 adders
  A white imp (D:5)
  2 worms
  4 dart slugs
  12 orcs
  5 ball pythons
  9 endoplasms
  5 giant cockroaches
  15 goblins
  4 hobgoblins
  7 jackals
  4 quokkas
  7 bats
  3 frilled lizards
  9 kobolds
  8 rats
114 creatures vanquished.

Notes
Turn   | Place    | Note
-------+----------+-------------------------------------------
     0 | D:1      | DemonSlayer the Demonspawn Earth Elementalist began the
                  | quest for the Orb.
     0 | D:1      | Reached XP level 1. HP: 13/13 MP: 3/3
   278 | D:1      | Gained mutation: You have large cloven feet. [demonic
                  | ancestry]
   278 | D:1      | Reached XP level 2. HP: 19/19 MP: 3/5
   591 | D:1      | Found a faded altar of an unknown god.
  1155 | D:1      | Gained mutation: You are partially covered in yellow
                  | scales. (AC +2) [demonic ancestry]
  1155 | D:1      | Reached XP level 3. HP: 24/24 MP: 4/6
  1570 | D:1      | Learned a level 3 spell: Stone Arrow
  2245 | D:2      | Reached XP level 4. HP: 30/30 MP: 4/7
  2677 | D:2      | Learned a level 3 spell: Mephitic Cloud
  3344 | D:3      | Reached XP level 5. HP: 15/35 MP: 7/9
  3603 | D:3      | Found a sacrificial altar of Ru.
  3710 | D:3      | Found a runed translucent door.
  3711 | D:3      | Noticed Crazy Yiuf
  4044 | D:4      | Noticed a phantom
  4054 | D:4      | Killed a phantom
  4064 | D:4      | Gained mutation: You have hoof-like feet. [demonic
                  | ancestry]
  4064 | D:4      | Reached XP level 6. HP: 31/42 MP: 1/11
  4320 | D:4      | Found a sparkling altar of Nemelex Xobeh.
  4336 | D:4      | Reached skill level 1 in Short Blades
  4336 | D:4      | Reached skill level 5 in Earth Magic
  4429 | D:4      | Found a snail-covered altar of Cheibriados.
  4451 | D:4      | Became a worshipper of Cheibriados the Contemplative
  4506 | D:4      | Noticed Pikel
  4517 | D:5      | Entered Level 5 of the Dungeon
  5046 | D:5      | Found a hazy altar of Hepliaklqana.
  5288 | D:5      | Found a basalt altar of Yredelemnul.
  5313 | D:5      | Found an opulent altar of Gozag.
  5315 | D:5      | Found a staircase to the Ecumenical Temple.
  5331 | D:5      | Reached XP level 7. HP: 32/47 MP: 8/13
  5562 | D:5      | Found Ducvepsu's Tremendous Tomes.
  5748 | D:5      | Found a burning altar of Makhleb.
  6124 | D:5      | Noticed Blork the orc
  6136 | D:5      | Killed Blork the orc
  6137 | D:5      | Reached skill level 1 in Fighting
  6137 | D:5      | Reached skill level 5 in Spellcasting
  6707 | D:5      | Learned a level 4 spell: Petrify
  6723 | D:4      | HP: 1/48 [Pikel/+2 whip of freezing (7)]
  6724 | D:4      | Slain by Pikel

Illustrated notes

Levels and vault maps discovered:
D:1:      heliophobic_arrival_glass_houses, layout_basic,
          shapermc_ecumenical_altar_totnotflames
D:2:      layout_loops_ring, corexii_leaking_fountain, minmay_3d_cube
D:3:      layout_loops_ring, nicolae_ru_great_annihilating_truth,
          uniq_crazy_yiuf_cottage
D:4:      layout_loops_ring, kennysheep_mini_moat, nicolae_vehumet_radiance,
          marbit_many_paths, mainiacjoe_overflow_catwalk, serial_rivers,
          chequers_serial_rivers_large_a, chequers_serial_rivers_micro_d,
          chequers_serial_rivers_micro_d, chequers_serial_rivers_small_b,
          uniq_robin, uniq_pikel, uniq_sigmund
D:5:      black_bear_nest_1, layout_layer_cave, kennysheep_little_box,
          lemuel_tele_altar, mainiacjoe_overflow_alcove_4,
          nicolae_overflow_crystal_walls, minmay_temple_entry_grid,
          nicolae_shop_i_like_big_books, uniq_blork_the_orc

Skill      XL: |  1  2  3  4  5  6  7 |
---------------+----------------------+-----
Earth Magic    | 3 4 5 |  5.6
Stealth        | 2 |  2.9
Dodging        | 2 |  2.6
Spellcasting   | 3 4 5 |  5.1
Short Blades   | 1 |  1.3
Fighting       | 1 |  1.0
Transmutations | |  0.8

Action                   |  1- 3 |  4- 6 |  7- 9 || total
-------------------------+-------+-------+-------++-------
Melee: Dagger            |    41 |    39 |    13 ||    93
       Unarmed           |     1 |       |       ||     1
       Kick              |     6 |    10 |     3 ||    19
       Punch             |       |     1 |       ||     1
 Cast: Sandblast         |    62 |    85 |    30 ||   177
       Stone Arrow       |       |       |     2 ||     2
  Use: Potion            |     1 |     1 |     1 ||     3
       Scroll            |       |     4 |     1 ||     5
 Stab: Sleeping          |     2 |     5 |       ||     7
       Paralysed         |       |     1 |       ||     1
Armor: Robe              |    17 |    30 |    24 ||    71
Dodge: Dodged            |    52 |    62 |    49 ||   163
